 Dungeon Crawl Stone Soup version 0.17-a0-1210-g1e4f09d (webtiles) character file.

98 SWAGNEMITE the Skirmisher (level 5, 0/41 HPs)
             Began as a Human Wanderer on June 3, 2015.
             Succumbed to an adder's poison
             ... on level 3 of the Dungeon.
             The game lasted 00:11:44 (4072 turns).

SWAGNEMITE the Skirmisher (Human Wanderer)          Turns: 4072, Time: 00:11:44

Health: 0/41       AC:  2    Str: 15    XL:     5   Next: 1%
Magic:  6/6        EV: 12    Int: 11    God:
Gold:   63         SH:  0    Dex: 12    Spells: 0 memorised, 6 levels left

rFire  . . .     SeeInvis .       - Unarmed
rCold  . . .     Clarity  .     e - +0 robe
rNeg   . . .     SustAt   .     (no shield)
rPois  .         Gourm    .     (no helmet)
rElec  .         Spirit   .     (no cloak)
rCorr  .         Warding  .     (no gloves)
rMut   .         Stasis   .     (no boots)
MR     .....                    (no amulet)
Stlth  ..........               (no ring)
                                o - ring of loudness (curse) {Stlth-}

@: lethally poisoned (0 -> -2), not resistant to hostile enchantments, extremely
unstealthy
A: frail 1, mutation resistance 1
a: no special abilities


You were on level 3 of the Dungeon.
You were not hungry.

You visited 1 branch of the dungeon, and saw 3 of its levels.

You collected 63 gold pieces.

Inventory:

Missiles
 q - 7 needles of confusion
Armour
 e - a +0 robe (worn)
Jewellery
 o - a cursed ring of loudness (left hand) {Stlth-}
   (You found it on level 1 of the Dungeon)
Scrolls
 a - a scroll of blinking {!r}
 c - 2 scrolls of recharging {unknown}
 g - 2 scrolls of amnesia {unknown}
 j - 2 scrolls of immolation {unknown}
 k - 2 scrolls of enchant weapon {unknown}
 l - 3 scrolls of remove curse {unknown}
 u - a scroll of teleportation {unknown}
Potions
 p - a potion of flight
 r - a potion of brilliance
Comestibles
 f - 2 bread rations {@e1}
 h - 2 meat rations {@e2}
 s - a royal jelly


   Skills:
 + Level 5.6 Fighting
   Level 1.0 Axes
 - Level 1.7 Armour
 + Level 1.5 Dodging
 + Level 1.8 Unarmed Combat
 + Level 1.2 Spellcasting
   Level 2.0 Evocations


You had 6 spell levels left.
You didn't know any spells.

Dungeon Overview and Level Annotations

Branches:
Dungeon (3/15)

Altars:


Innate Abilities, Weirdness & Mutations

You are frail (-10% HP).
You are somewhat resistant to further mutation.


Message History

There is a stone staircase leading down here.
There's nothing to close nearby.
A worm comes into view.
You barely miss the worm. You hit the worm. The worm bites you.
You take 4 damage, and have 31/35 hp.
You hit the worm. The worm barely misses you.
You hit the worm but do no damage. You hit the worm.
The worm closely misses you.
You hit the worm. You hit the worm. The worm bites you.
You take 1 damage, and have 30/35 hp.
You hit the worm. You barely miss the worm. The worm barely misses you.
You hit the worm. The worm misses you.
You hit the worm. You hit the worm.
You kill the worm!
A hobgoblin comes into view.
The hobgoblin shouts!
The hobgoblin moves out of view.
You closely miss the hobgoblin. The hobgoblin barely misses you.
You hit the hobgoblin. The hobgoblin hits you.
You take 2 damage, and have 29/35 hp.
You hit the hobgoblin. The hobgoblin misses you.
You closely miss the hobgoblin.
The hobgoblin hits you but does no damage.
You hit the hobgoblin but do no damage. The hobgoblin hits you.
You take 1 damage, and have 28/35 hp.
You closely miss the hobgoblin. The hobgoblin hits you.
You take 1 damage, and have 27/35 hp.
You hit the hobgoblin.
You kill the hobgoblin!
You see here a hobgoblin corpse.
You see here a hobgoblin corpse.
There is a stone staircase leading down here.
You climb downwards.
There is a stone staircase leading up, spattered with blood here.
You closely miss the adder. The adder bites you.
You take 1 damage, and have 28/35 hp.
You hit the adder. The adder barely misses you.
You closely miss the adder. The adder closely misses you.
You hit the adder. The adder bites you but does no damage.
The adder closely misses you.
You barely miss the adder. The adder bites you but does no damage.
You miss the adder. The adder bites you.
You take 2 damage, and have 26/35 hp.
You hit the adder but do no damage. The adder bites you.
You are poisoned.
The adder poisons you!
You take 1 damage, and have 25/35 hp.
You barely miss the adder.
You feel sick. The adder bites you but does no damage. The adder bites you.
You take 2 damage, and have 23/35 hp.
You closely miss the adder. The adder bites you.
You are more poisoned.
The adder poisons you!
You take 1 damage, and have 22/35 hp.
You closely miss the adder.
You feel sick. The adder misses you.
You take 1 damage, and have 21/35 hp.
You closely miss the adder.
You feel sick. The adder closely misses you.
You take 1 damage, and have 20/35 hp.
You hit the adder. The adder completely misses you. The adder bites you.
You take 2 damage, and have 18/35 hp.
Unknown command.
You hit the adder but do no damage.
You feel sick. The adder barely misses you.
You take 1 damage, and have 17/35 hp.
Unknown command.
You closely miss the adder. The adder closely misses you.
Unknown command.
You hit the adder but do no damage.
You feel sick. The adder bites you. The adder bites you but does no damage.
You take 4 damage, and have 13/35 hp.
You hit the adder. The adder closely misses you.
Unknown command.
You hit the adder.
You feel sick. The adder bites you.
* * * LOW HITPOINT WARNING * * *
You take 4 damage, and have 9/35 hp.
Unknown command.
You closely miss the adder. The adder bites you.
* * * LOW HITPOINT WARNING * * *
You take 3 damage, and have 6/35 hp.
You miss the adder. The adder bites you.
* * * LOW HITPOINT WARNING * * *
The adder barely misses you.
Unknown command.
You take 2 damage, and have 4/35 hp.
You barely miss the adder.
* * * LOW HITPOINT WARNING * * *
You feel sick. The adder misses you.
Unknown command.
You take 1 damage, and have 3/35 hp.
You hit the adder but do no damage. The adder closely misses you.
You miss the adder. The adder bites you.
* * * LOW HITPOINT WARNING * * *
You take 2 damage, and have 1/35 hp.
You hit the adder.
You kill the adder!
You have reached level 5!
You die...

#####.##.....# .### ##(##
##....#..#.### #. #...#
...####(##..# .# #S##...# ..##
#.##..#..# ##..#...# ...#
#.##....# #.......# ...#
#.....######...#.).# ...#
##..##.###....###...#####..
..####..........###....<รท.......
.###.....##.....@...##...#####..
###.......<.##########...#
........##..# #...# ##.........##
##### #.#....#### #...#.##
#######


There were no monsters in sight!

Vanquished Creatures
  4 adders
  2 worms (D:2)
  6 giant geckos
  An orc (D:3)
  6 bats
  2 giant cockroaches
  7 hobgoblins
  4 jackals
  2 giant newts (D:2)
  8 goblins
  2 kobolds
  A quokka (D:2)
  3 rats
48 creatures vanquished.

Notes
Turn   | Place    | Note
--------------------------------------------------------------
     0 | D:1      | SWAGNEMITE the Human Wanderer began the quest for the Orb.
     0 | D:1      | SWAGNEMITE set off with: a scroll of blinking {!r}, a scroll of fear, a +0 spear, a potion of curing, a +0 robe, a bread ration {@e1}
     0 | D:1      | Reached XP level 1. HP: 21/21 MP: 2/2
   851 | D:1      | Reached XP level 2. HP: 7/27 MP: 3/3
  1676 | D:2      | Reached XP level 3. HP: 26/33 MP: 4/4
  2047 | D:3      | Noticed an orc warrior
  2067 | D:3      | HP: 4/33 [orc priest/nerve-wracking pain (5)]
  2555 | D:3      | Reached XP level 4. HP: 16/39 MP: 5/5
  2585 | D:2      | Reached skill level 1 in Spellcasting
  3017 | D:2      | Reached skill level 1 in Dodging
  3242 | D:3      | HP: 8/39 [jackal (3)]
  3289 | D:3      | HP: 9/39 [adder (5)]
  3289 | D:3      | HP: 4/39 [adder (5)]
  3295 | D:3      | HP: 9/39 [adder (3)]
  3299 | D:3      | HP: 4/39 [poisoned by an adder]
  3307 | D:3      | HP: 2/39 [poisoned by an adder]
  3314 | D:2      | HP: 1/39 [poisoned by an adder]
  3316 | D:2      | Gained mutation: You are frail (-10% HP). [potion of mutation]
  3316 | D:2      | Gained mutation: You are somewhat resistant to further mutation. [potion of mutation]
  3629 | D:2      | HP: 8/35 [poisoned by an adder]
  3637 | D:2      | HP: 7/35 [poisoned by an adder]
  4067 | D:3      | HP: 6/35 [adder (3)]
  4071 | D:3      | HP: 1/35 [adder (2)]
  4072 | D:3      | Reached XP level 5. HP: 1/41 MP: 6/6
  4072 | D:3      | Succumbed to an adder's poison

Vault maps used:
D:1:      dpeg_arrival_rooms_c, due_unseen_surprise
D:2:      serial_forest, infiniplex_forest_clump_curved,
          infiniplex_forest_lined_2, infiniplex_forest_end_1,
          infiniplex_forest_clump_small, infiniplex_forest_lined_corner,
          first_bread, st_stairs_7

Action                   |  1- 3 |  4- 6 || total
-------------------------+-------+-------++-------
Melee: Unarmed           |   184 |   177 ||   361
  Use: Scroll            |     6 |     1 ||     7
       Potion            |       |     5 ||     5
  Eat: Chunk             |     4 |     6 ||    10

Vault maps used:
D:1:      dpeg_arrival_rooms_c, due_unseen_surprise
D:2:      serial_forest, infiniplex_forest_clump_curved,
          infiniplex_forest_lined_2, infiniplex_forest_end_1,
          infiniplex_forest_clump_small, infiniplex_forest_lined_corner,
          first_bread, st_stairs_7

Table legend:
 A = Turns spent in this place as a percentage of turns spent in the entire game.
 B = Non-inter-level travel turns spent in this place as a percentage of non-inter-level travel turns spent in the entire game.
 C = Inter-level travel turns spent in this place as a percentage of turns spent in this place.
 D = Turns resting spent in this place as a percentage of non-inter-level travel turns spent in this place.
 E = Turns spent auto-exploring this place as a percentage of non-inter-level travel turns spent in this place.
 F = Non-inter-level travel turns spent in this place divided by the number of levels of this place that you've seen.
                   A       B       C       D       E      F
               +-------+-------+-------+-------+-------+----------------------
         Total | 100.0 | 100.0 |   1.1 |   5.3 |   5.8 | 302.7
       Dungeon | 100.0 | 100.0 |   1.1 |   5.3 |   5.8 | 302.7
               +-------+-------+-------+-------+-------+----------------------

Table legend:
 A = Kills in this place as a percentage of kills in entire the game.
 B = Kills by you in this place as a percentage of kills by you in the entire game.
 C = Kills by friends in this place as a percentage of kills by friends in the entire game.
 D = Other kills in this place as a percentage of other kills in the entire game.
 E = Experience gained in this place as a percentage of experience gained in the entire game.
 F = Experience gained in this place divided by the number of levels of this place that you have seen.
                   A       B       C       D       E      F
               +-------+-------+-------+-------+-------+----------------------
         Total | 100.0 | 100.0 |  -nan |  -nan | 100.0 |  47.0
       Dungeon | 100.0 | 100.0 |  -nan |  -nan | 100.0 |  47.0
               +-------+-------+-------+-------+-------+----------------------
